 Dungeon Crawl Stone Soup version 0.31-a0-700-gf13585253f (webtiles) character file.

Game seed: 5060552563950316890

13 qw the Shooter (level 2, -3/17 HPs)
             Began as a Gargoyle Hunter on Sept 7, 2023.
             Slain by Sigmund
             ... wielding a +0 scythe
              (10 damage)
             ... on level 1 of the Dungeon.
             The game lasted 00:00:13 (744 turns).

qw the Shooter (Gargoyle Hunter)                     Turns: 744, Time: 00:00:13

Health: -3/17      AC:  7    Str: 14    XL:     2   Next: 37%
Magic:  2/2        EV: 10    Int:  9    God:
Gold:   40         SH:  0    Dex: 13    Spells: 1/1 levels left

rFire   . . .        Y - +1 shortbow
rCold   . . .        (shield currently unavailable)
rNeg    + . .        i - +0 ring mail
rPois   inf          (no helmet)
rElec   +            (no cloak)
rCorr   .            (no gloves)
SInv    .            (no boots)
Will    .....        (no amulet)
Stlth   +            (no ring)
HPRegen 0.22/turn    (no ring)
MPRegen 0.08/turn

%: no passive effects
@: no status effects
A: sickness immunity, AC +2, negative energy resistance 1, electricity
resistance, torment resistance 1, petrification resistance
a: no special abilities


You were on level 1 of the Dungeon.
You visited 1 branch of the dungeon, and saw 2 of its levels.

You collected 40 gold pieces.


Innate Abilities, Weirdness & Mutations

You are immune to sickness and miasma.
Your stone body is resilient. (AC +2)
You are immune to poison.
You resist negative energy. (rN+)
You are resistant to electric shocks. (rElec)
You are resistant to unholy torment.
You are immune to petrification.


   Skills:
 - Level 2.1 Fighting
 - Level 4.6 Ranged Weapons
 + Level 0.0 Armour
 - Level 1.5 Dodging
 - Level 1.1 Stealth


You had one spell level left.
You didn't know any spells.
Your spell library was empty.

Inventory:

Hand Weapons
 Y - a +1 shortbow (weapon)
Armour
 i - a +0 ring mail (worn)
Scrolls
 e - 2 scrolls of teleportation
Potions
 j - a potion of mutation {unknown}

Dungeon Overview and Level Annotations

Branches:
Dungeon (2/15)

Altars:

Annotations:
D:1 Sigmund


Message History

689 ||| READING scroll labelled YWKEEKHLULE.
As you read the scroll labelled YWKEEKHLULE, it crumbles to dust.
You feel momentarily disoriented.
It was a scroll of revelation.
Done exploring.
690 ||| DROPPING scroll of butterflies.
You drop a scroll of butterflies.
Done exploring.
What level of the Dungeon? (default 1, ? - help)
There is a stone staircase leading down here.
You climb downwards.
The jackal barks!
You hear a bark!
There is a stone staircase leading up here.
There are monsters nearby!
Waypoint 1 assigned to D:2.
736 ||| STAIRDANCE Sigmund barely misses you.
You climb upwards.
There is a stone staircase leading down here.
You shoot an arrow. The arrow closely misses Sigmund.
You shoot an arrow. The arrow hits Sigmund.
Sigmund is lightly wounded.
Sigmund hits you with a +0 scythe.
You shoot an arrow. The arrow hits Sigmund.
Sigmund is lightly wounded.
Sigmund misses you.
You shoot an arrow. The arrow closely misses Sigmund.
Sigmund hits you with a +0 scythe.
You shoot an arrow. The arrow hits Sigmund.
Sigmund is moderately wounded.
Sigmund says, "Don't worry, I'll kill you fast."
Sigmund hits you with a +0 scythe.
You shoot an arrow. The arrow hits Sigmund.
Sigmund is heavily wounded.
Sigmund hits you with a +0 scythe!
Ouch! That really hurt!
You shoot an arrow. The arrow hits Sigmund.
Sigmund is severely wounded.
Sigmund hits you with a +0 scythe!
Ouch! That really hurt!
You die...
Sigmund begins carving another notch in his scythe.

##...## ##.....##
############.....###.......##
#........##..................
#.######.###.....###)......##
#)# #.# #.)...# ##.....###
#.# #.###.#.#.#####...## #
#.# #.#...###....###.## # #.#
###.#.#@###.##.# #..# # #.#
#......@.......# ##.# # #.#
#.###.########.# #.# #.# #.#
#.# #.# #)# #.# #.# #.#
#.####.#### #.# #.###.###
#.......... #.#
#.......######.####.#### #.#
#####..........# #.# #.#
###.######## #.#
#.##########.# #.#


You could see Sigmund.

Vanquished Creatures
  4 ball pythons (D:1)
  An endoplasm (D:1)
  A giant cockroach (D:1)
  A hobgoblin (D:1)
  2 quokkas (D:1)
  A bat (D:1)
  A kobold (D:1)
11 creatures vanquished.

Notes
Turn   | Place    | Note
-------+----------+-------------------------------------------
     0 | D:1      | qw the Gargoyle Hunter began the quest for the Orb.
     0 | D:1      | Reached XP level 1. HP: 12/12 MP: 1/1
     0 | D:1      | 0 ||| qw: Version: 0.3-a-76-g4403597
     0 | D:1      | 0 ||| qw: Game counter: 536
     0 | D:1      | 0 ||| qw: Melee chars always use a shield: true
     0 | D:1      | 0 ||| qw: God list: Okawaru
     0 | D:1      | 0 ||| qw: Allow faded altars: false
     0 | D:1      | 0 ||| qw: Do Orc after clearing Dungeon:15 true
     0 | D:1      | 0 ||| qw: Do second Lair branch before Depths: true
     0 | D:1      | 0 ||| qw: Lair rune preference: random
     0 | D:1      | 0 ||| qw: Goals: Normal
     0 | D:1      | 0 ||| PLANNING D:1-11
   170 | D:1      | Reached XP level 2. HP: 9/17 MP: 2/2
   663 | D:1      | 663 ||| UPGRADING to +0 ring mail.
   673 | D:1      | 673 ||| DROPPING +0 leather armour.
   674 | D:1      | 674 ||| READING scroll labelled WIWU VUYNOYRUE.
   684 | D:1      | 684 ||| READING 3 scrolls labelled JET GUMOCSAMAA.
   687 | D:1      | 687 ||| READING scroll labelled VEOKE TUOKHE.
   688 | D:1      | 688 ||| READING scroll labelled KOCZACADOU.
   689 | D:1      | 689 ||| READING scroll labelled YWKEEKHLULE.
   690 | D:1      | 690 ||| DROPPING scroll of butterflies.
   735 | D:2      | Noticed Sigmund
   736 | D:2      | 736 ||| STAIRDANCE
   744 | D:1      | Slain by Sigmund

Levels and vault maps discovered:
D:1:      amcnicky_arrival_blooded_trapdoor, layout_loops_ring
D:2:      minmay_chambers_of_ones, layout_rooms, serial_shops,
          nicolae_shop_behind_doors, basic_altar, uniq_sigmund

Action                     || total
---------------------------++-------
   Fire: Shortbow          ||    43
    Use: Scroll            ||     5
 Armour: Leather armour    ||     9
         Ring mail         ||     5
  Dodge: Dodged            ||    12

Table legend:
 A = Non-vault XP
 B = Vault XP
 C = Vault XP percentage of total XP
 D = Non-vault monster count
 E = Vault monster count
 F = Vault count percentage of total count
                 A         B        C        D         E       F
            +---------+---------+-------+---------+---------+-------
      Total |      19 |       0 |   0.0 |      11 |       0 |   0.0
            +---------+---------+-------+---------+---------+-------
        D:1 |      19 |       0 |   0.0 |      11 |       0 |   0.0
            +---------+---------+-------+---------+---------+-------
